 Dungeon Crawl Stone Soup version 0.32-a0-30-gefbe487952 (webtiles) character file.

Game seed: 10183272727460284429

4 jestert79 the Grasshopper (level 1, -1/12 (16) HPs)
             Began as a Human Warper on Jan 19, 2024.
             Slain by a kobold
             ... wielding a +1 whip of draining
              (6 damage)
             ... on level 1 of the Dungeon.
             The game lasted 00:00:52 (277 turns).

jestert79 the Grasshopper (Human Warper)             Turns: 277, Time: 00:00:53

HP:   -1/12 (16)    AC:  3    Str: 11    XL:     1   Next: 60%
MP:   3/3           EV: 11    Int: 13    God:
Gold: 26            SH:  0    Dex: 12    Spells: 4/4 levels left

rFire   . . .        a - +0 mace
rCold   . . .        (no shield)
rNeg    . . .        b - +0 leather armour
rPois   .            (no helmet)
rElec   .            (no cloak)
rCorr   .            (no gloves)
SInv    .            (no boots)
Will    .....        (no amulet)
Stlth   +            (no ring)
HPRegen 0.22/turn    (no ring)
MPRegen 0.08/turn

%: no passive effects
@: very heavily drained
A: explore regen
a: no special abilities


You were on level 1 of the Dungeon.
You visited 1 branch of the dungeon, and saw 1 of its levels.

You collected 26 gold pieces.

Inventory:

Hand Weapons
 a - a +0 mace (weapon)
Missiles
 d - 7 darts of dispersal (quivered)
Armour
 b - a +0 leather armour (worn)
Scrolls
 c - a scroll of blinking
Potions
 e - a potion of curing {unknown}


   Skills:
 - Level 2.0 Fighting
 + Level 2.4 Maces & Flails
 - Level 1.0 Throwing
 - Level 1.0 Armour
 - Level 2.0 Dodging
 - Level 2.0 Spellcasting
 - Level 3.0 Translocations


You had 4 spell levels left.
You didn't know any spells.
Your spell library contained the following spells:

 Spells                   Type           Power      Damage    Failure   Level
 Blink                    Tloc           18%        N/A       14%         2
 Lesser Beckoning         Tloc           18%        N/A       14%         2
 Teleport Other           Tloc           9%         N/A       28%         3
 Manifold Assault         Tloc           9%         N/A       67%         4
 Vhi's Electric Charge    Tloc/Air       10%        N/A       87%         4


Dungeon Overview and Level Annotations

Branches:
Dungeon (1/15)

Altars:


Innate Abilities, Weirdness & Mutations

You regain HP and MP as you explore.


Message History

e - an emerald potion Key pressed, stopping explore.
You now have 9 gold pieces.
Found a leather armour.
You now have 15 gold pieces (gained 6).
You open the door.
There is an open door here.
Found a ring mail.
Found a dagger.
Found 5 stones.
You now have 26 gold pieces (gained 11).
Found a stone staircase leading down.
A rat comes into view.
Found 5 javelins.
A kobold comes into view. It is wielding a +1 whip of draining.
The kobold shouts!
The rat squeaks loudly.
You closely miss the kobold. The kobold barely misses you.
You closely miss the kobold.
A frilled lizard comes into view.
The kobold closely misses you.
The kobold hits you with a +1 whip of draining.
You feel drained.
The frilled lizard hisses angrily.
You hit the kobold but do no damage. The kobold hits you but does no damage.
You feel drained.
You closely miss the kobold. You punch the kobold.
The kobold is severely wounded.
The rat twitches its whiskers.
The kobold hits you with a +1 whip of draining.
You feel drained.
You closely miss the kobold.
The kobold is severely wounded.
The kobold barely misses you.
The kobold hits you with a +1 whip of draining.
You feel drained.
You barely miss the kobold.
The kobold is severely wounded.
The kobold hits you with a +1 whip of draining.
Ouch! That really hurt!
You die...

#.##.## #.....#
#...... ####..#
..... #..# .....
#..## ...
#####...## .l.
#.....#..#####.#r#
#.[...+........#K#
......##.#######@#
....##.........#.#
.... #...........#
.... #......##.###
.).
#...##..#.#####
#.(.##........#
######.....##.#
##.#.....#
#.#.###>..


You could see a kobold, a frilled lizard and a rat.

Vanquished Creatures
  A ball python (D:1)
  An endoplasm (D:1)
  A bat (D:1)
  A kobold (D:1)
4 creatures vanquished.

Notes
Turn   | Place    | Note
-------+----------+-------------------------------------------
     0 | D:1      | jestert79 the Human Warper began the quest for the Orb.
     0 | D:1      | Reached XP level 1. HP: 16/16 MP: 3/3
   277 | D:1      | Slain by a kobold

Illustrated notes

Levels and vault maps discovered:
D:1:      lightli_arrival_lavapool, layout_basic, minivault_19

Action                     || total
---------------------------++-------
  Melee: Mace              ||    15
         Punch             ||     1
 Armour: Leather armour    ||     8
  Dodge: Dodged            ||    14

Table legend: (Time is in decaauts)
 A = Elapsed time spent in this place.
 B = Non-inter-level travel time spent in this place.
 C = Inter-level travel time spent in this place.
 D = Time resting spent in this place.
 E = Time spent auto-exploring this place.
 F = Levels seen in this place.
 G = Mean time per level.
                   A        B        C        D        E       F      G
               +--------+--------+--------+--------+--------+-----+--------+
         Total |    281 |    281 |      0 |      0 |    237 |   1 |  281.0 |
       Dungeon |    281 |    281 |      0 |      0 |    237 |   1 |  281.0 |
               +--------+--------+--------+--------+--------+-----+--------+

Top non-repeatable levels by time:
     D:1: 281 daAuts
